[Event "LJ Slovak Open 2022"]
[Site "Liptovsky Jan"]
[Date "2022.06.23"]
[Round "1.46"]
[White "Smetana, Peter"]
[Black "Muller, Tomas"]
[Result "1-0"]
[ECO "A30"]
[WhiteElo "1740"]
[BlackElo "1240"]
[Annotator "NA RC"]
[PlyCount "97"]
[EventDate "2022.06.23"]
[EventType "swiss"]
[EventCountry "SVK"]
[SourceTitle "playchess.com"]
[Source "ChessBase"]
[SourceQuality "1"]
[TimeControl "3600+30"]

1. c4 c5 2. Nf3 Nf6 3. b3 g6 4. Bb2 Bg7 5. e3 b6 6. Qc2 Bb7 7. Be2 d6 8. O-O O-O 9. d4 Nbd7 10. d5 Re8 11. Rd1 a5 12. Nc3 Ra6 13. Nb5 Qb8 14. a3 Rc8 15. h4 h5 16. Ng5 Qa8 17. Bd3 Nf8 18. e4 a4 19. b4 e6 20. Nxd6 Rd8 21. Ngxf7 Rd7 22. b5 Ra7 23. e5 Ng4 24. Bxg6 exd5 25. Bxh5 dxc4 26. Bxg4 Bxg2 27. Qxc4 Rxf7 28. Nxf7 Rxf7 29. Bh5 Bh1 30. Bxf7+ Kh8 31. Bd5 Bxd5 32. Qxd5 Qxd5 33. Rxd5 Ng6 34. Kg2 Nf4+ 35. Kf3 Nxd5 36. Ke4 Ne7 37. f4 Ng6 38. h5 Ne7 39. f5 Nc8 40. f6 Bf8 41. e6 Kg8 42. e7 Bxe7 43. fxe7 Nxe7 44. Ke5 Nc8 45. Rd1 Na7 46. Rd8+ Kh7 47. Rd7+ Kh6 48. Rxa7 Kxh5 49. Kf5 1-0

[Event "LJ Slovak Open 2022"]
[Site "Liptovsky Jan"]
[Date "2022.06.23"]
[Round "1.47"]
[White "Janouskova, Eliska"]
[Black "Zeman, Jan"]
[Result "1-0"]
[ECO "B22"]
[WhiteElo "1167"]
[BlackElo "1726"]
[Annotator "NA RC"]
[PlyCount "69"]
[EventDate "2022.06.23"]
[EventType "swiss"]
[EventCountry "SVK"]
[SourceTitle "playchess.com"]
[Source "ChessBase"]
[SourceQuality "1"]
[TimeControl "3600+30"]

1. e4 c5 2. d4 cxd4 3. c3 Nc6 4. cxd4 d6 5. Bc4 Nf6 6. Nc3 g6 7. h3 Bg7 8. Nf3 a6 9. a4 O-O 10. O-O e6 11. Be3 Bd7 12. e5 Ne8 13. Bf4 d5 14. Bd3 Qb6 15. Rb1 Nxd4 16. Be3 Nxf3+ 17. Qxf3 Qc7 18. Rfe1 Bxe5 19. Bg5 f6 20. Bh6 Rf7 21. Bd2 Ng7 22. Rbc1 Qd6 23. Re2 Bc6 24. Rce1 Bd4 25. Kh1 Bb6 26. Qg4 Bc7 27. g3 f5 28. Qd4 Re8 29. Bf4 Qd7 30. Bxc7 Qxc7 31. Re5 Qd7 32. Kh2 Qd6 33. Ne2 Nh5 34. b3 Kg7 35. Rxe6+ 1-0

[Event "LJ Slovak Open 2022"]
[Site "Liptovsky Jan"]
[Date "2022.06.23"]
[Round "1.48"]
[White "Szaszak, Robert"]
[Black "Pechociakova, Petra"]
[Result "1-0"]
[ECO "C50"]
[WhiteElo "1717"]
[BlackElo "1160"]
[Annotator "NA RC"]
[PlyCount "45"]
[EventDate "2022.06.23"]
[EventType "swiss"]
[EventCountry "SVK"]
[SourceTitle "playchess.com"]
[Source "ChessBase"]
[SourceQuality "1"]
[TimeControl "3600+30"]

1. e4 e5 2. Nf3 Nc6 3. Bc4 Nf6 4. d3 Bc5 5. Nc3 h6 6. Bd2 d6 7. h3 O-O 8. Qc1 Kh7 9. g4 g5 10. Nh2 Be6 11. Bb3 d5 12. f3 dxe4 13. fxe4 Qd4 14. Rf1 Nd7 15. Nb5 Qg1 16. Rxg1 Bxg1 17. Nf3 Bb6 18. Bxg5 hxg5 19. Nxg5+ Kg7 20. Bxe6 f6 21. Bxd7 fxg5 22. Qxg5+ Kf7 23. O-O-O 1-0

[Event "LJ Slovak Open 2022"]
[Site "Liptovsky Jan"]
[Date "2022.06.23"]
[Round "1.49"]
[White "Nedoba, Jakub"]
[Black "Kulich, Filip"]
[Result "0-1"]
[ECO "D10"]
[WhiteElo "1158"]
[BlackElo "1682"]
[Annotator "NA RC"]
[PlyCount "40"]
[EventDate "2022.06.23"]
[EventType "swiss"]
[EventCountry "SVK"]
[SourceTitle "playchess.com"]
[Source "ChessBase"]
[SourceQuality "1"]
[TimeControl "3600+30"]

1. d4 d5 2. Bf4 Nf6 3. e3 Bf5 4. c4 c6 5. Nc3 e6 6. c5 Nbd7 7. Nf3 Be7 8. b4 b6 9. a4 Nh5 10. Bg3 Nxg3 11. hxg3 a5 12. Ne5 Nxe5 13. dxe5 axb4 14. cxb6 bxc3 15. a5 Bb4 16. Qb3 Qe7 17. a6 c2+ 18. Ke2 O-O 19. Qa4 Qc5 20. b7 Qc4+ 0-1

[Event "LJ Slovak Open 2022"]
[Site "Liptovsky Jan"]
[Date "2022.06.23"]
[Round "1.50"]
[White "Volek, Jan"]
[Black "Magdova, Lucia"]
[Result "1-0"]
[ECO "C42"]
[WhiteElo "1687"]
[BlackElo "1055"]
[Annotator "NA RC"]
[PlyCount "51"]
[EventDate "2022.06.23"]
[EventType "swiss"]
[EventCountry "SVK"]
[SourceTitle "playchess.com"]
[Source "ChessBase"]
[SourceQuality "1"]
[TimeControl "3600+30"]

1. e4 e5 2. Nc3 Nf6 3. Nf3 Nc6 4. Be2 Bb4 5. d3 d6 6. O-O Bg4 7. Bg5 O-O 8. Nd5 Nd4 9. Nxb4 h6 10. Bxf6 Qxf6 11. Nxd4 Bd7 12. Nd5 Qd8 13. Nf3 c6 14. Ne3 Be6 15. d4 exd4 16. Nxd4 Bd7 17. Ndf5 Bxf5 18. Nxf5 d5 19. exd5 cxd5 20. Bf3 Re8 21. Re1 Qd7 22. Bg4 Qd8 23. Rxe8+ Qxe8 24. Qd4 f6 25. Qxd5+ Kf8 26. Qxb7 1-0

[Event "LJ Slovak Open 2022"]
[Site "Liptovsky Jan"]
[Date "2022.06.23"]
[Round "1.51"]
[White "Socha, Wiktor"]
[Black "Ciglian, Michal"]
[Result "0-1"]
[ECO "B18"]
[WhiteElo "1020"]
[BlackElo "1704"]
[Annotator "NA RC"]
[PlyCount "92"]
[EventDate "2022.06.23"]
[EventType "swiss"]
[EventCountry "SVK"]
[SourceTitle "playchess.com"]
[Source "ChessBase"]
[SourceQuality "1"]
[TimeControl "3600+30"]

1. e4 c6 2. Nc3 d5 3. d4 dxe4 4. Nxe4 Bf5 5. f3 e6 6. Ne2 Nd7 7. Be3 Ngf6 8. N2g3 Bg6 9. Qd2 Be7 10. Be2 Rc8 11. Rc1 O-O 12. O-O Nd5 13. c3 Nxe3 14. Qxe3 Qb6 15. b4 e5 16. Rfd1 Rfd8 17. a4 a6 18. a5 Qa7 19. Rd2 f5 20. Bc4+ Kh8 21. Nxf5 Bxf5 22. Rcd1 Nf8 23. g4 Bg6 24. Qf2 exd4 25. Bb3 c5 26. bxc5 Bxc5 27. Nxc5 Qxc5 28. cxd4 Qxa5 29. d5 Bf7 30. Qe3 Qc5 31. Qxc5 Rxc5 32. Kf2 Ng6 33. Kg3 h6 34. h4 a5 35. f4 Rc3+ 36. Rd3 Rxd3+ 37. Rxd3 b5 38. h5 Nf8 39. Kh4 a4 40. Bd1 Rxd5 41. Be2 Rxd3 42. Bxd3 b4 43. g5 hxg5+ 44. fxg5 a3 45. g6 Be6 46. h6 a2 0-1

[Event "LJ Slovak Open 2022"]
[Site "Liptovsky Jan"]
[Date "2022.06.23"]
[Round "1.52"]
[White "Staron, Ladislav"]
[Black "Sotnik, Simon"]
[Result "1-0"]
[ECO "D13"]
[WhiteElo "1695"]
[BlackElo "1038"]
[Annotator "NA RC"]
[PlyCount "87"]
[EventDate "2022.06.23"]
[EventType "swiss"]
[EventCountry "SVK"]
[SourceTitle "playchess.com"]
[Source "ChessBase"]
[SourceQuality "1"]
[TimeControl "3600+30"]

1. d4 d5 2. c4 c6 3. Nf3 Nf6 4. Nc3 Bf5 5. cxd5 cxd5 6. Bf4 e6 7. e3 Bb4 8. Bb5+ Nbd7 9. O-O Bxc3 10. bxc3 O-O 11. Bd3 Bxd3 12. Qxd3 Ne4 13. c4 Re8 14. cxd5 exd5 15. Rfc1 Rc8 16. Qb5 Rxc1+ 17. Rxc1 b6 18. Qxd5 Ndf6 19. Qxd8 Rxd8 20. h3 h6 21. Ne5 Nh5 22. Bh2 f6 23. Nc6 Re8 24. g4 Nhg3 25. Bxg3 Nxg3 26. fxg3 Rxe3 27. Kf2 Ra3 28. Rc2 Kh7 29. Rd2 Rc3 30. Nxa7 Rc7 31. Nb5 Rd7 32. d5 Kg6 33. d6 f5 34. gxf5+ Kxf5 35. Nc7 g5 36. Na8 Ke6 37. Nxb6 Rxd6 38. Rxd6+ Kxd6 39. Nc4+ Kc5 40. Ne5 Kb4 41. Nf7 Ka3 42. Nxh6 Kxa2 43. Kf3 Kb3 44. Kg4 1-0

[Event "LJ Slovak Open 2022"]
[Site "Liptovsky Jan"]
[Date "2022.06.23"]
[Round "1.53"]
[White "Stricova Julia Nela"]
[Black "Petrik, Matus"]
[Result "0-1"]
[ECO "C50"]
[WhiteElo "1149"]
[BlackElo "1684"]
[Annotator "NA RC"]
[PlyCount "94"]
[EventDate "2022.06.23"]
[EventType "swiss"]
[EventCountry "SVK"]
[SourceTitle "playchess.com"]
[Source "ChessBase"]
[SourceQuality "1"]
[TimeControl "3600+30"]

1. e4 e5 2. Nf3 Nf6 3. Nc3 Nc6 4. Bc4 Bc5 5. O-O d6 6. h3 a6 7. d3 h6 8. Be3 Bxe3 9. fxe3 Na5 10. Bb3 Nxb3 11. axb3 O-O 12. Nd5 Be6 13. Nxf6+ Qxf6 14. Nd4 Qg5 15. Nxe6 Qxe3+ 16. Rf2 fxe6 17. Qe2 Qxf2+ 18. Qxf2 Rxf2 19. Kxf2 Rf8+ 20. Ke2 Rf6 21. Rf1 Kf7 22. Rxf6+ gxf6 23. Kf3 f5 24. g4 Kf6 25. gxf5 exf5 26. exf5 Kxf5 27. h4 h5 28. c4 a5 29. Kg3 c6 30. Kf3 d5 31. c5 d4 32. Kg3 e4 33. dxe4+ Kxe4 34. Kf2 Kd3 35. Ke1 Kc2 36. Ke2 d3+ 37. Ke1 d2+ 38. Ke2 d1=Q+ 39. Ke3 Qg4 40. b4 a4 41. b5 Kxb2 42. bxc6 bxc6 43. Kd3 a3 44. Ke3 a2 45. Kd3 a1=Q 46. Ke3 Qa3+ 47. Kd2 Qc3# 0-1

[Event "LJ Slovak Open 2022"]
[Site "Liptovsky Jan"]
[Date "2022.06.23"]
[Round "1.54"]
[White "Babjak, Samuel"]
[Black "Prochazka Michal"]
[Result "1-0"]
[ECO "D13"]
[WhiteElo "1577"]
[BlackElo "1110"]
[Annotator "NA RC"]
[PlyCount "33"]
[EventDate "2022.06.23"]
[EventType "swiss"]
[EventCountry "SVK"]
[SourceTitle "playchess.com"]
[Source "ChessBase"]
[SourceQuality "1"]
[TimeControl "3600+30"]

1. d4 d5 2. c4 c6 3. Nc3 Nf6 4. Nf3 Bf5 5. cxd5 cxd5 6. Qb3 Qb6 7. Nxd5 Qxb3 8. Nxf6+ gxf6 9. axb3 Nc6 10. Bd2 e5 11. Bc3 Bd6 12. e3 a6 13. Bc4 Rg8 14. Rg1 Be4 15. dxe5 fxe5 16. Ke2 f6 17. Bxg8 1-0

[Event "LJ Slovak Open 2022"]
[Site "Liptovsky Jan"]
[Date "2022.06.23"]
[Round "1.55"]
[White "Stricova Viktoria Lea"]
[Black "Brida, Lukas"]
[Result "0-1"]
[ECO "C48"]
[WhiteElo "1025"]
[BlackElo "1673"]
[Annotator "NA RC"]
[PlyCount "44"]
[EventDate "2022.06.23"]
[EventType "swiss"]
[EventCountry "SVK"]
[SourceTitle "playchess.com"]
[Source "ChessBase"]
[SourceQuality "1"]
[TimeControl "3600+30"]

1. e4 e5 2. Nf3 Nc6 3. Nc3 Nf6 4. Bb5 Nd4 5. Nxd4 c6 6. Bd3 exd4 7. Ne2 d5 8. f3 dxe4 9. fxe4 Bd6 10. O-O Bxh2+ 11. Kxh2 Ng4+ 12. Kg1 Qh4 13. Rf3 Qh2+ 14. Kf1 Qh1+ 15. Ng1 Nh2+ 16. Ke2 Qxg2+ 17. Ke1 Qxg1+ 18. Ke2 Qg2+ 19. Rf2 Bg4+ 20. Ke1 Qg1+ 21. Rf1 Nxf1 22. Bxf1 Qg3# 0-1

[Event "LJ Slovak Open 2022"]
[Site "Liptovsky Jan"]
[Date "2022.06.23"]
[Round "1.56"]
[White "Krestian, Darius"]
[Black "Lesko Ondrej"]
[Result "1-0"]
[ECO "D07"]
[WhiteElo "1659"]
[BlackElo "1000"]
[Annotator "NA RC"]
[PlyCount "65"]
[EventDate "2022.06.23"]
[EventType "swiss"]
[EventCountry "SVK"]
[SourceTitle "playchess.com"]
[Source "ChessBase"]
[SourceQuality "1"]
[TimeControl "3600+30"]

1. d4 d5 2. Nf3 Nf6 3. c4 dxc4 4. Nc3 Nc6 5. d5 Nb4 6. Qa4+ Bd7 7. Qxb4 a5 8. Qxc4 Ra6 9. Bf4 Rb6 10. Rb1 Bf5 11. e4 Bg6 12. Bxc7 Qd7 13. Bxb6 e5 14. Nxe5 Bd6 15. Nxd7 Nxd7 16. Bxa5 O-O 17. Bb4 Bxb4 18. Qxb4 Bh5 19. Be2 Bxe2 20. Kxe2 h6 21. Qxb7 Rd8 22. a4 Ne5 23. d6 Re8 24. d7 Rd8 25. Qc8 Nxd7 26. Qxd8+ Nf8 27. Qxf8+ Kxf8 28. a5 Kg8 29. a6 Kh7 30. a7 f6 31. a8=Q Kg6 32. h4 Kf7 33. Rbd1 1-0

[Event "LJ Slovak Open 2022"]
[Site "Liptovsky Jan"]
[Date "2022.06.23"]
[Round "1.57"]
[White "Moravcik Alex"]
[Black "Kulich, Daniel"]
[Result "0-1"]
[ECO "A08"]
[WhiteElo "1000"]
[BlackElo "1648"]
[Annotator "NA RC"]
[PlyCount "110"]
[EventDate "2022.06.23"]
[EventType "swiss"]
[EventCountry "SVK"]
[SourceTitle "playchess.com"]
[Source "ChessBase"]
[SourceQuality "1"]
[TimeControl "3600+30"]

1. g3 d5 2. Bg2 Nf6 3. d3 c5 4. Nf3 Nc6 5. O-O e5 6. Bg5 Be7 7. Bxf6 Bxf6 8. c4 e4 9. dxe4 Bxb2 10. exd5 Ne7 11. Na3 Bxa1 12. Qxa1 O-O 13. Nh4 Re8 14. Re1 Nf5 15. Nf3 Nd6 16. Qb1 Bf5 17. Qb2 Qd7 18. Nh4 Bd3 19. Bf3 Nxc4 20. Nxc4 Bxc4 21. g4 g6 22. Rd1 Rad8 23. Qf6 Qd6 24. Qa1 Bxe2 25. Bxe2 Rxe2 26. Nf3 Qf4 27. Qc3 Qxg4+ 28. Kf1 Rde8 29. Qf6 Qc4 30. Kg2 Qc2 31. Ng5 Qf5 32. Qxf5 gxf5 33. d6 Rd8 34. d7 Re7 35. Rd5 b6 36. Rxf5 Rdxd7 37. Rf4 Rd4 38. Rf6 Rg4+ 39. Kf1 Rxg5 40. Rc6 Rg6 41. Rc8+ Kg7 42. Rd8 Rc6 43. Rd1 c4 44. Rc1 c3 45. h4 c2 46. h5 Re5 47. h6+ Kxh6 48. a4 Re4 49. a5 Rb4 50. axb6 axb6 51. Ke2 Rb1 52. Rxb1 cxb1=Q 53. f4 Qb3 54. Kd2 Rc2+ 55. Kd1 Qb1# 0-1

[Event "LJ Slovak Open 2022"]
[Site "Liptovsky Jan"]
[Date "2022.06.24"]
[Round "2.1"]
[White "Manik, Mikulas"]
[Black "Smusz, Kamil"]
[Result "1-0"]
[ECO "C43"]
[WhiteElo "2368"]
[BlackElo "1881"]
[Annotator "RC"]
[PlyCount "51"]
[EventDate "2022.06.23"]
[EventType "swiss"]
[EventCountry "SVK"]
[SourceTitle "playchess.com"]
[Source "ChessBase"]
[SourceQuality "1"]
[TimeControl "3600+30"]

1. e4 e5 2. Nf3 Nf6 3. d4 Nxe4 4. Bd3 d5 5. Nxe5 Nd7 6. Nc3 Nxc3 7. bxc3 Nxe5 8. dxe5 Bc5 9. O-O O-O 10. Qh5 g6 11. Qh6 Re8 12. Bg5 Qd7 13. Bf6 Bf8 14. Qd2 c5 15. f4 Bh6 16. Rad1 Qc6 17. Be2 Be6 18. Bf3 Bg7 19. Bxg7 Kxg7 20. c4 Rad8 21. cxd5 Qa4 22. Qe3 Bf5 23. c3 c4 24. Qd4 Bc2 25. Rd2 Bd3 26. Rxd3 1-0

[Event "LJ Slovak Open 2022"]
[Site "Liptovsky Jan"]
[Date "2022.06.24"]
[Round "2.2"]
[White "Goga, Frantisek"]
[Black "Jablonicky, Martin"]
[Result "0-1"]
[ECO "B22"]
[WhiteElo "1900"]
[BlackElo "2377"]
[Annotator "RC"]
[PlyCount "90"]
[EventDate "2022.06.23"]
[EventType "swiss"]
[EventCountry "SVK"]
[SourceTitle "playchess.com"]
[Source "ChessBase"]
[SourceQuality "1"]
[TimeControl "3600+30"]

1. e4 c5 2. d4 cxd4 3. c3 Nf6 4. e5 Nd5 5. Nf3 e6 6. cxd4 Nc6 7. Bc4 d6 8. O-O Nb6 9. Bb3 Be7 10. Nc3 O-O 11. Bf4 dxe5 12. dxe5 Na5 13. Bc2 Qxd1 14. Raxd1 Bd7 15. Be4 Rac8 16. a3 Bc6 17. Bxc6 Rxc6 18. Rd3 Nac4 19. Bc1 a6 20. Rfd1 Rfc8 21. Nd4 R6c7 22. f4 Nxa3 23. bxa3 Rxc3 24. Rxc3 Rxc3 25. Ne2 Rc4 26. Kf1 g6 27. Rd4 Rxd4 28. Nxd4 Nc4 29. Nc2 Kf8 30. Ke2 Ke8 31. Kd3 Nb6 32. Ne3 Kd7 33. Nc4 Nxc4 34. Kxc4 b5+ 35. Kb3 Kc6 36. g4 Kd5 37. Bd2 h5 38. gxh5 gxh5 39. h3 Ke4 40. a4 bxa4+ 41. Kxa4 Bc5 42. Ka5 Be3 43. Bc3 Bxf4 44. Kxa6 Bxe5 45. Be1 f5 0-1

[Event "LJ Slovak Open 2022"]
[Site "Liptovsky Jan"]
[Date "2022.06.24"]
[Round "2.3"]
[White "Karas, Marek"]
[Black "Janik, Marek Tobias"]
[Result "1-0"]
[ECO "A38"]
[WhiteElo "2292"]
[BlackElo "1840"]
[Annotator "RC"]
[PlyCount "39"]
[EventDate "2022.06.23"]
[EventType "swiss"]
[EventCountry "SVK"]
[SourceTitle "playchess.com"]
[Source "ChessBase"]
[SourceQuality "1"]
[TimeControl "3600+30"]

1. Nf3 Nf6 2. g3 g6 3. b3 Bg7 4. Bb2 c5 5. c4 Nc6 6. Bg2 d6 7. O-O O-O 8. Nc3 h6 9. d4 cxd4 10. Nxd4 Bd7 11. Rc1 Rc8 12. Qd2 a6 13. Nf3 Be6 14. Nd5 Bxd5 15. cxd5 Na7 16. Nd4 Qd7 17. Rxc8 Rxc8 18. Qe3 Kf8 19. Ne6+ fxe6 20. dxe6 1-0

[Event "LJ Slovak Open 2022"]
[Site "Liptovsky Jan"]
[Date "2022.06.24"]
[Round "2.4"]
[White "Rak, Martin"]
[Black "Zetocha, Adrian"]
[Result "0-1"]
[ECO "B77"]
[WhiteElo "1849"]
[BlackElo "2331"]
[Annotator "RC"]
[PlyCount "120"]
[EventDate "2022.06.23"]
[EventType "swiss"]
[EventCountry "SVK"]
[SourceTitle "playchess.com"]
[Source "ChessBase"]
[SourceQuality "1"]
[TimeControl "3600+30"]

1. e4 c5 2. Nf3 d6 3. d4 cxd4 4. Nxd4 Nf6 5. Nc3 g6 6. Be3 Bg7 7. f3 O-O 8. Bc4 Nc6 9. Bb3 Bd7 10. Qd2 Nxd4 11. Bxd4 b5 12. Nd5 Nxd5 13. exd5 a5 14. c3 Qc7 15. O-O a4 16. Bxg7 Kxg7 17. Qd4+ Kg8 18. Bc2 a3 19. bxa3 Rfc8 20. Rac1 Qxc3 21. Qxc3 Rxc3 22. Bb3 Rc5 23. Rce1 Kf8 24. Re3 Bc8 25. Rfe1 Rc7 26. Re4 Rxa3 27. Rb4 Rc5 28. Rh4 h5 29. g4 hxg4 30. fxg4 Ra7 31. Rh8+ Kg7 32. Re8 Bxg4 33. R8xe7 Rxe7 34. Rxe7 Bf3 35. a4 Bxd5 36. Bxd5 Rxd5 37. a5 b4 38. a6 Ra5 39. a7 b3 40. Rb7 Kf6 41. Kf2 b2 42. Rxb2 Rxa7 43. Kf3 Ke5 44. Re2+ Kf5 45. Rd2 Ra3+ 46. Kf2 Ke6 47. Re2+ Kd7 48. Rd2 f5 49. Rb2 g5 50. Rd2 g4 51. Rd4 Ke6 52. Rd2 Ke5 53. Re2+ Kd4 54. Rd2+ Rd3 55. Ra2 d5 56. Ra4+ Kc3 57. Rf4 d4 58. Rxf5 Rf3+ 59. Rxf3+ gxf3 60. Kxf3 d3 0-1

[Event "LJ Slovak Open 2022"]
[Site "Liptovsky Jan"]
[Date "2022.06.24"]
[Round "2.5"]
[White "Rucek, Kristian"]
[Black "Valko, Michal"]
[Result "1/2-1/2"]
[ECO "E60"]
[WhiteElo "2128"]
[BlackElo "1906"]
[Annotator "RC"]
[PlyCount "99"]
[EventDate "2022.06.23"]
[EventType "swiss"]
[EventCountry "SVK"]
[SourceTitle "playchess.com"]
[Source "ChessBase"]
[SourceQuality "1"]
[TimeControl "3600+30"]

1. b3 Nf6 2. Bb2 g6 3. Nf3 Bg7 4. c4 O-O 5. g3 d6 6. d4 Nbd7 7. Bg2 c5 8. O-O cxd4 9. Nxd4 a5 10. Nc3 Nc5 11. Ncb5 a4 12. b4 Ne6 13. a3 Nxd4 14. Bxd4 Be6 15. Rc1 Rc8 16. Bxb7 Rxc4 17. Qxa4 Qd7 18. Qa6 Rb8 19. Bc6 Qxc6 20. Qxc6 Rxc6 21. Rxc6 Rxb5 22. Rb1 Bf5 23. Rb2 Rd5 24. Rc4 e5 25. Ba7 Rd1+ 26. Kg2 d5 27. Rc7 d4 28. Rc5 Ne4 29. Rd5 Ng5 30. Rd8+ Bf8 31. h4 Ne6 32. Rb8 Kg7 33. a4 Nc7 34. b5 Nd5 35. b6 Be4+ 36. f3 Ne3+ 37. Kh2 Ng4+ 38. Kh3 Ne3 39. g4 Rh1+ 40. Kg3 Be7 41. g5 Bf5 42. b7 Rh3+ 43. Kf2 Rh2+ 44. Kg1 Rg2+ 45. Kh1 Bd6 46. Rd8 Rf2 47. Rxd6 Rf1+ 48. Kh2 Rf2+ 49. Kg1 Rf1+ 50. Kh2 1/2-1/2

[Event "LJ Slovak Open 2022"]
[Site "Liptovsky Jan"]
[Date "2022.06.24"]
[Round "2.6"]
[White "Mydliar, Jan"]
[Black "Holly, Andrej"]
[Result "0-1"]
[ECO "B70"]
[WhiteElo "1885"]
[BlackElo "2214"]
[Annotator "RC"]
[PlyCount "47"]
[EventDate "2022.06.23"]
[EventType "swiss"]
[EventCountry "SVK"]
[SourceTitle "playchess.com"]
[Source "ChessBase"]
[SourceQuality "1"]
[TimeControl "3600+30"]

1. e4 c5 2. Nf3 g6 3. d4 cxd4 4. Nxd4 Nf6 5. Nc3 d6 6. g3 Nc6 7. Bg2 Bd7 8. Nde2 Qc8 9. Bg5 Bg7 10. Qc1 h6 11. Bxf6 Bxf6 12. Nd5 Bg7 13. O-O h5 14. h4 Ne5 15. Nec3 Bh6 16. Qd1 g5 17. hxg5 Bxg5 18. f4 Qc5+ 19. Kh1 Ng4 20. fxg5 h4 21. Bf3 hxg3+ 22. Kg2 Ne3+ 23. Nxe3 Rh2+ 24. Kxg3 0-1

[Event "LJ Slovak Open 2022"]
[Site "Liptovsky Jan"]
[Date "2022.06.24"]
[Round "2.7"]
[White "Borsos, Bogdan"]
[Black "Koska, Jiri"]
[Result "0-1"]
[ECO "A46"]
[WhiteElo "2200"]
[BlackElo "1759"]
[Annotator "RC"]
[PlyCount "62"]
[EventDate "2022.06.23"]
[EventType "swiss"]
[EventCountry "SVK"]
[SourceTitle "playchess.com"]
[Source "ChessBase"]
[SourceQuality "1"]
[TimeControl "3600+30"]

1. d4 Nf6 2. Bg5 e6 3. e4 h6 4. Bxf6 Qxf6 5. Nf3 d6 6. e5 dxe5 7. dxe5 Qe7 8. c3 Nc6 9. h4 Bd7 10. Bd3 O-O-O 11. Nbd2 g6 12. Qe2 Bg7 13. O-O-O g5 14. hxg5 hxg5 15. g4 f5 16. exf6 Bxf6 17. Nc4 Qg7 18. Be4 Ne7 19. Rxh8 Qxh8 20. Nce5 Bxe5 21. Nxe5 Qf6 22. Bxb7+ Kxb7 23. Nxd7 Qf4+ 24. Kc2 Qa4+ 25. Kb1 Rxd7 26. Re1 Ng6 27. c4 Nf4 28. Qf3+ Kb8 29. Rh1 Rd8 30. a3 Qxc4 31. Ka1 Qd5 0-1

[Event "LJ Slovak Open 2022"]
[Site "Liptovsky Jan"]
[Date "2022.06.24"]
[Round "2.8"]
[White "Harvan, Tomas"]
[Black "Varga, Lukas"]
[Result "0-1"]
[ECO "D78"]
[WhiteElo "1853"]
[BlackElo "2136"]
[Annotator "RC"]
[PlyCount "102"]
[EventDate "2022.06.23"]
[EventType "swiss"]
[EventCountry "SVK"]
[SourceTitle "playchess.com"]
[Source "ChessBase"]
[SourceQuality "1"]
[TimeControl "3600+30"]

1. d4 Nf6 2. Nf3 g6 3. g3 Bg7 4. Bg2 O-O 5. O-O d5 6. c4 c6 7. Nc3 dxc4 8. Ne5 Be6 9. e4 Qc8 10. Qe2 b5 11. d5 Bh3 12. Bxh3 Qxh3 13. dxc6 Nh5 14. Nf3 Bxc3 15. bxc3 Nxc6 16. Ng5 Qc8 17. e5 Ng7 18. Re1 Qf5 19. g4 Qd3 20. Qf3 Qxf3 21. Nxf3 Ne6 22. Rb1 a6 23. Ba3 Rfd8 24. Rbd1 a5 25. Nd4 Nexd4 26. cxd4 b4 27. d5 Na7 28. Bc1 Nb5 29. Bg5 Nc3 30. Rd4 Rxd5 31. Rxc4 Nxa2 32. Bxe7 Nc3 33. Kg2 Rb5 34. Bf6 Nd5 35. Bg5 b3 36. Rb1 h5 37. gxh5 gxh5 38. Rh4 a4 39. Bc1 Nc3 40. Ra1 b2 41. Bxb2 Rxb2 42. Rxh5 Rb1 43. Ra3 Rb3 44. Ra1 Nb1 45. h4 a3 46. Rg5+ Kf8 47. h5 Rb6 48. h6 Ke7 49. h7 Rh8 50. Rh5 Rb2 51. Rh3 Ke6 0-1

[Event "LJ Slovak Open 2022"]
[Site "Liptovsky Jan"]
[Date "2022.06.24"]
[Round "2.9"]
[White "Skreko, Igor"]
[Black "Haasova, Timea"]
[Result "1-0"]
[ECO "D30"]
[WhiteElo "2065"]
[BlackElo "1811"]
[Annotator "RC"]
[PlyCount "60"]
[EventDate "2022.06.23"]
[EventType "swiss"]
[EventCountry "SVK"]
[SourceTitle "playchess.com"]
[Source "ChessBase"]
[SourceQuality "1"]
[TimeControl "3600+30"]

1. d4 d5 2. c4 c6 3. Nf3 Nf6 4. e3 e6 5. b3 Bd6 6. Bd3 O-O 7. O-O Nbd7 8. Bb2 Re8 9. Ne5 Qc7 10. f4 dxc4 11. bxc4 c5 12. Nc3 a6 13. Rf3 g6 14. Rh3 cxd4 15. exd4 Bxe5 16. fxe5 Nh5 17. Rxh5 gxh5 18. Qxh5 Nf8 19. Ne4 f5 20. Nf6+ Kh8 21. Nxe8 Qd7 22. Nf6 Qg7 23. Bc1 Ng6 24. Bg5 b6 25. Ne8 Qd7 26. Bf6+ Kg8 27. Nd6 Bb7 28. Qh6 Ra7 29. Bxf5 Ba8 30. Bxg6 hxg6 1-0

[Event "LJ Slovak Open 2022"]
[Site "Liptovsky Jan"]
[Date "2022.06.24"]
[Round "2.10"]
[White "Gollner, Martin"]
[Black "Kasperek, Ryszard"]
[Result "0-1"]
[ECO "B07"]
[WhiteElo "1585"]
[BlackElo "2068"]
[Annotator "RC"]
[PlyCount "50"]
[EventDate "2022.06.23"]
[EventType "swiss"]
[EventCountry "SVK"]
[SourceTitle "playchess.com"]
[Source "ChessBase"]
[SourceQuality "1"]
[TimeControl "3600+30"]

1. e4 d6 2. d4 Nd7 3. c4 e5 4. d5 Be7 5. Bd3 Bg5 6. Nc3 Bxc1 7. Qxc1 Nc5 8. Bc2 a5 9. Nge2 Nf6 10. O-O O-O 11. f4 exf4 12. Qxf4 Ng4 13. Rf3 Ne5 14. Rg3 Qe7 15. b3 Bd7 16. Nd4 Ng6 17. Qf3 Rae8 18. Nf5 Qf6 19. Rf1 Bxf5 20. exf5 Ne5 21. Qh5 Ned3 22. Nb5 c6 23. Nxd6 Qd4+ 24. Kh1 Nf2+ 25. Kg1 Nh3+ 0-1

[Event "LJ Slovak Open 2022"]
[Site "Liptovsky Jan"]
[Date "2022.06.24"]
[Round "2.11"]
[White "Bombek, Peter"]
[Black "Vastik, Lukas"]
[Result "1/2-1/2"]
[ECO "C67"]
[WhiteElo "2111"]
[BlackElo "1738"]
[Annotator "RC"]
[PlyCount "80"]
[EventDate "2022.06.23"]
[EventType "swiss"]
[EventCountry "SVK"]
[SourceTitle "playchess.com"]
[Source "ChessBase"]
[SourceQuality "1"]
[TimeControl "3600+30"]

1. e4 e5 2. Nf3 Nc6 3. Bb5 Nf6 4. O-O Nxe4 5. Re1 Nd6 6. Nxe5 Be7 7. Bf1 Nxe5 8. Rxe5 O-O 9. d4 Bf6 10. Re1 Nf5 11. c3 d5 12. Bf4 Ne7 13. Nd2 Ng6 14. Bg3 Bf5 15. Qf3 Qd7 16. h3 Rfe8 17. Bxc7 Bxh3 18. Qxh3 Qxc7 19. Bd3 Qf4 20. Nf3 Qd6 21. Rxe8+ Rxe8 22. Re1 Rxe1+ 23. Nxe1 Qd8 24. Bxg6 hxg6 25. Nd3 b6 26. Qf3 Qd7 27. Nb4 Qa4 28. Nxd5 Qxa2 29. Nxf6+ gxf6 30. Qxf6 Qxb2 31. d5 Qc1+ 32. Kh2 Qd2 33. d6 a5 34. Qe7 Qf4+ 35. Kh3 Qf5+ 36. Kg3 g5 37. f3 Qf4+ 38. Kf2 Qd2+ 39. Kg1 Qc1+ 40. Kf2 Qd2+ 1/2-1/2

[Event "LJ Slovak Open 2022"]
[Site "Liptovsky Jan"]
[Date "2022.06.24"]
[Round "2.12"]
[White "Kukan, Michal"]
[Black "Janousek, Petr"]
[Result "0-1"]
[ECO "D32"]
[WhiteElo "1767"]
[BlackElo "2099"]
[Annotator "RC"]
[PlyCount "74"]
[EventDate "2022.06.23"]
[EventType "swiss"]
[EventCountry "SVK"]
[SourceTitle "playchess.com"]
[Source "ChessBase"]
[SourceQuality "1"]
[TimeControl "3600+30"]

1. c4 e6 2. d4 d5 3. Nc3 c5 4. cxd5 cxd4 5. Qxd4 Nc6 6. Qd1 exd5 7. e3 Nf6 8. a3 Bd6 9. Nf3 O-O 10. Be2 Re8 11. O-O a6 12. Nd4 Bc7 13. Bf3 Qd6 14. g3 Bh3 15. Re1 Ne5 16. Bh1 Bb6 17. Nce2 Rac8 18. Qb3 Ne4 19. Nf4 Be6 20. Qd1 Nf6 21. Bd2 Bg4 22. Qb3 Bxd4 23. exd4 Nc4 24. Bb4 Qc6 25. Rxe8+ Rxe8 26. Rc1 b5 27. Qc2 g5 28. f3 gxf4 29. fxg4 a5 30. Be1 Qe6 31. gxf4 Nxg4 32. Qg2 Qxe1+ 33. Qf1 Qxf1+ 34. Rxf1 Nf6 35. Rf2 Re1+ 36. Rf1 Rxf1+ 37. Kxf1 Nxb2 0-1